 Dungeon Crawl Stone Soup version 0.25-a0-591-g2ad0d86 (webtiles) character file.

Game seed: 11904892439576434547, levelgen mode: deterministic

22637 Faca the Whirler (level 13, -14/95 HPs)
             Began as a Halfling Hunter on Mar 14, 2020.
             Was a High Priest of Okawaru.
             Demolished by a crocodile (16 damage)
             ... on level 1 of the Lair of Beasts.
             The game lasted 00:35:34 (15195 turns).

Faca the Whirler (Halfling Hunter)                 Turns: 15195, Time: 00:35:35

Health: -14/95     AC:  9    Str: 24    XL:     13   Next: 29%
Magic:  9/14       EV: 22    Int:  9    God:    Okawaru [*****.]
Gold:   670        SH:  5    Dex: 20    Spells: 12/12 levels left

rFire    . . .     SeeInvis .   x - +5 hunting sling "Saazap" {vorpal, MR++}
rCold    + . .     Gourm    .   D - +0 buckler
rNeg     . . .     Faith    .   k - +2 leather armour {rC+}
rPois    .         Spirit   .   H - +2 helmet
rElec    +         Reflect  .   (no cloak)
rCorr    .         Harm     .   y - +0 pair of gloves
MR       +++..                  (no boots)
Stlth    ++........             (no amulet)
HPRegen  0.25/turn              B - ring of Xyxy Ixe {rElec MR+ Str+7}
MPRegen  0.14/turn              w - +4 ring of dexterity

@: finesse
A: small, mutation resistance 1
a: Heroism, Finesse, Renounce Religion


You were on level 1 of the Lair of Beasts.
You worshipped Okawaru.
Okawaru was extremely pleased with you.
You were not hungry.

You visited 2 branches of the dungeon, and saw 13 of its levels.
You also visited: Ice Cave.

You collected 775 gold pieces.
You spent 105 gold pieces at shops.

Inventory:

Hand Weapons
 x - the +5 hunting sling "Saazap" (weapon) {vorpal, MR++}
   (You found it on level 5 of the Dungeon)

   Any stone fired from it inflicts extra damage.
   It affects your resistance to hostile enchantments.
 G - a +0 short sword of electrocution
 J - a +3 fustibalus of flaming
Missiles
 d - 150 sling bullets
 e - 84 stones (quivered)
 l - 4 throwing nets
Armour
 k - a +2 leather armour of cold resistance (worn)
 y - a +0 pair of gloves (worn)
 C - the +2 leather armour "Oqor" {rF+++ Regen+ rCorr Str-5}
   (You found it on level 8 of the Dungeon)

   It affects your strength (-5).
   It renders you almost immune to fire.
   It increases your rate of regeneration.
   It provides partial protection from all sources of acid and corrosion.
 D - a +0 buckler (worn)
 H - a +2 helmet (worn)
Jewellery
 w - a +4 ring of dexterity (right hand)
 B - the ring of Xyxy Ixe (left hand) {rElec MR+ Str+7}
   (You found it on level 7 of the Dungeon)

   [ring of protection from magic]

   It affects your strength (+7).
   It insulates you from electricity.
   It affects your resistance to hostile enchantments.
Wands
 b - a wand of disintegration (26)
 q - a wand of scattershot (3)
 s - a wand of iceblast (4)
 A - a wand of flame (6)
 F - a wand of paralysis (10)
Scrolls
 h - a scroll of magic mapping
 n - 7 scrolls of remove curse
 t - 5 scrolls of teleportation
 u - 3 scrolls of identify
 z - 2 scrolls of fear
 E - a scroll of enchant armour
 I - a scroll of torment
Potions
 a - 2 potions of mutation
 c - 5 potions of flight
 g - 2 potions of cancellation
 i - 5 potions of might
 o - a potion of brilliance
 p - 2 potions of invisibility
 r - 3 potions of lignification
Comestibles
 f - 25 rations


   Skills:
 + Level 11.5 Fighting
 - Level 10.0 Short Blades
 + Level 17.3 Slings
 + Level 2.1 Armour
 + Level 9.4 Dodging
 - Level 1.1 Stealth
 + Level 2.0 Invocations


You had 12 spell levels left.
You didn't know any spells.
Your spell library contained the following spells:

 Spells                   Type           Power        Failure   Level  Hunger
 Magic Dart               Conj           #...         61%         1    ##.....
 Blink                    Tloc           N/A          75%         2    ###....
 Call Imp                 Summ           #.......     75%         2    ###....
 Slow                     Hex            #.......     75%         2    ###....
 Confusing Touch          Hex            #.......     93%         3    ####...
 Conjure Flame            Conj/Fire      #.......     93%         3    ####...
 Gell's Gravitas          Tloc           #.........   93%         3    ####...
 Mephitic Cloud           Conj/Pois/Air  #.......     93%         3    ####...
 Petrify                  Tmut/Erth      #.......     100%        4    #####..
 Metabolic Englaciation   Hex/Ice        #.........   100%        5    ######.
 Yara's Violent Unravell  Hex/Tmut       #.........   100%        5    ######.


Dungeon Overview and Level Annotations

Branches:
Dungeon (12/15)            Temple (0/1) D:5            Lair (1/6) D:11
    Orc (0/2) D:10          IceCv (visited)

Altars:
Dithmenos
Hepliaklqana
Okawaru
Ru
Xom

Shops:
D:9 %   D:10 ?

Portals:
Trove: D:10 (show slimy rune of Zot)

Annotations:
D:12 Azrael
Lair:1 Gastronok


Innate Abilities, Weirdness & Mutations

You are small and have problems with some larger weapons.
You are somewhat resistant to further mutation.


Message History

You shoot a stone.
The stone hits Joseph but does no damage.
Joseph is almost dead.
Firing (i - inventory. (/) - cycle)
e - 86 stones (quivered)
Press: ? - help, Shift-Dir - straight line, f/p - Joseph
Aim: Joseph, wielding a +0 quarterstaff, wearing a +0 leather armour, quivering 29 sling bullets and carrying a wand of acid (4) (almost dead)
You shoot a stone. The stone hits Joseph.
You kill Joseph!
Okawaru accepts your kill. Something appears at your feet!
Okawaru grants you ammunition!
Your Invocations skill increases to level 2!
Firing (i - inventory. (/) - cycle)
e - 85 stones (quivered)
Press: ? - help, Shift-Dir - straight line, f - crocodile
Aim: a crocodile You shoot a stone.
The stone barely misses the crocodile.
The stone hits the fungus!
The fungus is moderately damaged.
The crocodile bites you!
You die...

###########
#(P#...(...
.........#
#(#....^.#
#........#
##
#t).......
...
#@+......#
###......#
#.##### ##
## .# .###


You could see a crocodile.

Vanquished Creatures
  A frost giant (IceCv)
  Harold (D:8)
  A two-headed ogre (D:9)
  A slime creature (D:12)
  An unseen horror (D:10)
  A manticore (D:11)
  Joseph (Lair:1)
  2 black mambas (Lair:1)
  An ice statue (IceCv)
  Psyche (D:8)
  2 guardian mummies (D:10)
  15 polar bears (IceCv)
  5 hippogriffs
  8 yaks (IceCv)
  A steam dragon (D:9)
  Menkaure (D:7)
  A porcupine (Lair:1)
  14 ice beasts
  5 orc warriors
  5 phantoms
  5 sky beasts
  2 black bears
  24 wolves
  12 centaurs
  4 ogres
  2 big kobolds
  2 crocodiles (D:10)
  8 bullfrogs
  A water moccasin zombie (D:7)
  A wyvern skeleton (D:10)
  6 scorpions
  12 killer bees
  19 wights
  10 howler monkeys
  3 electric eels (D:6)
  4 crimson imps
  3 centaur zombies
  15 orc priests
  A bullfrog zombie (D:9)
  A quasit (D:5)
  3 hounds
  2 jellies
  6 orc wizards
  A bullfrog skeleton (D:11)
  2 iguanas
  6 worker ants
  A killer bee zombie (D:8)
  3 hound skeletons
  A worker ant zombie (D:5)
  6 gnolls
  A howler monkey skeleton (D:10)
  17 adders
  An ooze (D:2)
  2 adder skeletons
  2 worms
  A dart slug (D:1)
  4 leopard geckos
  52 orcs
  4 giant cockroaches
  7 goblins
  7 hobgoblins
  7 jackals
  16 kobolds
  A quokka (D:6)
  3 ball pythons
  11 bats
  3 frilled lizards
  A giant cockroach zombie (D:5)
  A quokka zombie (D:6)
  9 rats
384 creatures vanquished.

Vanquished Creatures (others)
  A scorpion (D:4)
  A hound (D:4)
  A worker ant (D:4)
  A leopard gecko (D:4)
  A jackal (D:4)
5 creatures vanquished.

Grand Total: 389 creatures vanquished

Notes
Turn   | Place    | Note
-------+----------+-------------------------------------------
     0 | D:1      | Faca the Halfling Hunter began the quest for the Orb.
     0 | D:1      | Reached XP level 1. HP: 14/14 MP: 1/1
    66 | D:1      | Reached skill level 6 in Slings
   207 | D:1      | Reached XP level 2. HP: 16/19 MP: 2/2
   565 | D:1      | Reached XP level 3. HP: 25/25 MP: 3/3
   828 | D:2      | Found a faded altar of an unknown god.
  1392 | D:2      | Reached XP level 4. HP: 24/30 MP: 4/4
  1476 | D:1      | Reached skill level 7 in Slings
  2269 | D:3      | Reached XP level 5. HP: 28/36 MP: 5/5
  2961 | D:4      | Noticed an ogre
  2969 | D:4      | Killed an ogre
  2969 | D:4      | Reached skill level 8 in Slings
  2969 | D:4      | Reached XP level 6. HP: 43/43 MP: 6/6
  3232 | D:4      | Found a shimmering altar of Xom.
  3232 | D:4      | Noticed a phantom
  3265 | D:4      | Killed a phantom
  4038 | D:4      | Reached XP level 7. HP: 22/49 MP: 7/7
  4322 | D:4      | Reached skill level 9 in Slings
  4692 | D:5      | Entered Level 5 of the Dungeon
  4978 | D:5      | Reached skill level 5 in Fighting
  4985 | D:5      | Found an iron altar of Okawaru.
  5001 | D:5      | Became a worshipper of Warmaster Okawaru
  5041 | D:5      | Found a staircase to the Ecumenical Temple.
  5077 | D:5      | Reached skill level 10 in Slings
  5143 | D:5      | Reached XP level 8. HP: 56/56 MP: 8/8
  5288 | D:5      | Got a dazzling hunting sling
  5291 | D:5      | Identified the +5 hunting sling "Saazap" {vorpal, MR++}
                  | (You found it on level 5 of the Dungeon)
  5529 | D:5      | Reached * piety under Okawaru
  5624 | D:6      | Found a transporter.
  5639 | D:6      | Found a transporter.
  5714 | D:6      | Reached skill level 11 in Slings
  5982 | D:6      | Reached XP level 9. HP: 63/63 MP: 9/9
  6027 | D:6      | Reached skill level 12 in Slings
  6177 | D:6      | Reached ** piety under Okawaru
  7263 | D:7      | Noticed Menkaure
  7268 | D:7      | Killed Menkaure
  7268 | D:7      | Reached skill level 1 in Short Blades
  7458 | D:7      | Reached skill level 13 in Slings
  7516 | D:7      | HP: 2/66 [orc warrior/+0 battleaxe (25)]
  7743 | D:7      | Reached *** piety under Okawaru
  7743 | D:7      | Reached XP level 10. HP: 67/73 MP: 10/10
  7884 | D:7      | Got a bound ivory ring
  7886 | D:7      | Identified the ring of Xyxy Ixe {rElec MR+ Str+7} (You
                  | found it on level 7 of the Dungeon)
  8045 | D:7      | Reached skill level 5 in Short Blades
  8094 | D:7      | Reached skill level 14 in Slings
  8168 | D:7      | Found a shadowy altar of Dithmenos.
  8600 | D:8      | Noticed Psyche
  8616 | D:8      | Killed Psyche
  8708 | D:8      | Got a steaming leather armour
  8828 | D:8      | Identified the +2 leather armour "Oqor" {rF+++ Regen+ rCorr
                  | Str-5} (You found it on level 8 of the Dungeon)
  9025 | D:8      | Noticed Harold
  9046 | D:8      | Killed Harold
  9046 | D:8      | Reached **** piety under Okawaru
  9226 | D:8      | Received a gift from Okawaru
  9794 | D:9      | Reached XP level 11. HP: 73/80 MP: 11/11
  9902 | D:9      | Found a sacrificial altar of Ru.
  9945 | D:9      | Noticed a two-headed ogre
  9956 | D:9      | Killed a two-headed ogre
 10035 | D:9      | Reached skill level 5 in Dodging
 10095 | D:9      | Found Abrogozi's Food Boutique.
 10218 | D:9      | Reached skill level 15 in Slings
 10342 | D:10     | Entered Level 10 of the Dungeon
 10397 | D:10     | Found a hazy altar of Hepliaklqana.
 10461 | D:10     | Found a staircase to the Orcish Mines.
 10550 | D:10     | Found Rierotod's Magic Scroll Shoppe.
 10578 | D:10     | Killed an unseen horror
 10578 | D:10     | Reached ***** piety under Okawaru
 10591 | D:10     | Reached skill level 10 in Fighting
 10707 | D:10     | Bought a scroll of torment for 105 gold pieces
 11016 | D:10     | Received a gift from Okawaru
 11386 | D:10     | Found a portal to a secret trove of treasure.
 11897 | D:11     | Noticed a manticore
 11915 | D:11     | Killed a manticore
 12176 | D:11     | Found a staircase to the Lair.
 12358 | D:11     | Received a gift from Okawaru
 12446 | D:11     | Reached XP level 12. HP: 88/88 MP: 12/12
 12851 | D:12     | Noticed Azrael
 12851 | D:12     | Noticed a two-headed ogre
 12997 | D:12     | Received a gift from Okawaru
 13082 | D:12     | Reached skill level 16 in Slings
 13184 | D:12     | Received a gift from Okawaru
 13230 | D:12     | Found a frozen archway.
 13255 | IceCv    | Entered an ice cave
 13711 | IceCv    | Reached skill level 10 in Short Blades
 13734 | IceCv    | Received a gift from Okawaru
 14267 | IceCv    | Noticed a frost giant
 14305 | IceCv    | Killed a frost giant
 14305 | IceCv    | Reached skill level 17 in Slings
 14305 | IceCv    | Reached XP level 13. HP: 44/95 MP: 5/13
 15060 | Lair:1   | Entered Level 1 of the Lair of Beasts
 15096 | Lair:1   | Noticed Gastronok
 15119 | Lair:1   | Reached skill level 1 in Armour
 15119 | Lair:1   | Reached skill level 1 in Invocations
 15164 | Lair:1   | Noticed Joseph
 15166 | Lair:1   | HP: 1/95 [acid (13)]
 15173 | Lair:1   | HP: 1/95 [Joseph/sling bullet (13)]
 15191 | Lair:1   | HP: 1/95 [crocodile (13)]
 15194 | Lair:1   | Killed Joseph
 15194 | Lair:1   | Received a gift from Okawaru
 15195 | Lair:1   | Demolished by a crocodile

Levels and vault maps discovered:
D:1:      minmay_arrival_doors, layout_basic
D:2:      layout_basic, chequers_ecumenical_altar_island
D:3:      layout_loops_ring
D:4:      layout_gridville, first_ration, xom_confusion_cloud
D:5:      layout_rooms, minmay_temple_entry_junction, basic_altar, st_stairs_12,
          kennysheep_potato
D:6:      gammafunk_steamed_eel, layout_basic
D:7:      layout_basic, nicolae_dithmenos_the_darkroom, grunt_tough_drop,
          uniq_menkaure
D:8:      layout_loops_ring, uniq_psyche, uniq_harold
D:9:      layout_rooms, serial_shops, kennysheep_mini_moat,
          nicolae_ru_sacrificial_ziggurat
D:10:     layout_layer_cave, orc_0_dummy, serial_shops, shop, basic_altar,
          nicolae_trove_entry_path_of_doom, uniq_fannar
D:11:     layout_long_grid, lair_entry_dummy
D:12:     layout_small_grid, gammafunk_ghost_nasty_kobolds,
          portal_ice_cave_entry_ice_beasts, grunt_livestock,
          palyth_stone_intersect, uniq_azrael
Lair:1:   layout_roguey, gammafunk_ghost_grave, small_statue_intersection,
          grunt_forest_large_clearings, infiniplex_staircase_pool,
          uniq_gastronok, uniq_nergalle, uniq_joseph

Skill      XL: |  1  2  3  4  5  6  7  8  9 10 11 12 13 |
---------------+----------------------------------------+-----
Slings         | 6 7 8 10 11 13 14 15 17 | 17.3
Fighting       | 2 3 4 5 6 8 9 10 11 | 11.5
Short Blades   | 3 6 8 10 | 10.0
Dodging        | 4 6 8 9 |  9.4
Armour         | 2 |  2.1
Invocations    | 2 |  2.0
Stealth        | |  1.1

Action                   |  1- 3 |  4- 6 |  7- 9 | 10-12 | 13-15 || total
-------------------------+-------+-------+-------+-------+-------++-------
Melee: Short sword       |   118 |    31 |       |   273 |       ||   422
       Dagger            |       |   142 |    46 |       |       ||   188
       Rapier            |       |       |     3 |    29 |       ||    32
 Fire: Hunting sling     |     5 |    34 |   289 |   618 |    72 ||  1018
       Fustibalus        |       |       |       |    54 |    39 ||    93
Throw: Stone             |       |       |     3 |       |       ||     3
Invok: Heroism           |       |       |       |     6 |     1 ||     7
       Finesse           |       |       |       |     1 |     1 ||     2
Evoke: Wand              |       |       |     9 |     5 |     2 ||    16
  Use: Scroll            |     5 |     4 |     8 |     6 |     2 ||    25
       Potion            |       |       |     1 |     5 |    11 ||    17
 Stab: Sleeping          |     4 |     1 |       |     3 |       ||     8
  Eat: Chunk             |     2 |     8 |     8 |    16 |     2 ||    36
       Ration            |       |       |     1 |     1 |       ||     2
Armor: Leather armour    |    38 |    47 |    15 |   104 |     6 ||   210
Dodge: Dodged            |   115 |   156 |    91 |   383 |   116 ||   861
Block: Buckler           |       |       |       |    99 |    28 ||   127

Table legend:
 A = Non-vault XP
 B = Vault XP
 C = Vault XP percentage of total XP
 D = Non-vault monster count
 E = Vault monster count
 F = Vault count percentage of total count
                 A         B        C        D         E       F
            +---------+---------+-------+---------+---------+-------
      Total |   16851 |   15488 |  47.9 |     309 |      75 |  19.5
            +---------+---------+-------+---------+---------+-------
        D:1 |      49 |       0 |   0.0 |      20 |       0 |   0.0
        D:2 |      60 |       0 |   0.0 |      18 |       0 |   0.0
        D:3 |      68 |       0 |   0.0 |      26 |       0 |   0.0
        D:4 |     296 |     144 |  32.7 |      18 |       3 |  14.3
        D:5 |     699 |      37 |   5.0 |      20 |       1 |   4.8
        D:6 |    1242 |     157 |  11.2 |      24 |       3 |  11.1
        D:7 |    2053 |     524 |  20.3 |      51 |       6 |  10.5
        D:8 |     643 |    1468 |  69.5 |      18 |       2 |  10.0
        D:9 |    2291 |       0 |   0.0 |      24 |       0 |   0.0
       D:10 |    3191 |     671 |  17.4 |      38 |       2 |   5.0
       D:11 |    3036 |       0 |   0.0 |      35 |       0 |   0.0
       D:12 |    2166 |    1035 |  32.3 |      14 |       8 |  36.4
     Lair:1 |    1057 |    1962 |  65.0 |       3 |      14 |  82.4
      IceCv |       0 |    9490 | 100.0 |       0 |      36 | 100.0
            +---------+---------+-------+---------+---------+-------
